Map: Triton LE

Players

dova

  • Race: Protoss Protoss
  • League: Diamond
  • Spawn Location: 11:00

Gilrak - Winner!

  • Race: Zerg Zerg
  • League: Diamond
  • Spawn Location: 5:00

VOD

Have the link to the VOD?

Description

Time

  • Played on: Nov. 26, 2019, 1:21 p.m.
  • Length: 4:14
Show
View Real Time Build Order
Export as new Build Order

dova Protoss 

Build Orders:  

Get SALT Encoding   

  12  0:01  Probe  
  13  0:13  Probe  
  14  0:20  Pylon  
  14  0:25  Probe  
  15  0:35  Assimilator  
  15  0:38  Probe (Chrono Boost)  
  16  0:44  Gateway  
  17  0:50  Probe (Chrono Boost)  
  17  0:58  Probe (Chrono Boost)  
  18  1:04  Pylon  
  18  1:05  Probe  
  19  1:29  Forge  
  19  1:33  Pylon  
  19  1:37  Cybernetics Core  
  19  1:39  Zealot  
  21  1:53  Pylon, Probe  
  22  2:02  Photon Cannon  
  22  2:11  Pylon  
  22  2:17  Probe  
  23  2:29  Probe  
  24  2:30  Assimilator  
  24  2:33  Shield Battery  
  24  2:35  Nexus  
  24  2:43  Probe  
  25  2:51  Pylon  
  25  2:53  Sentry  
  25  2:56  Probe  
  28  3:06  Gateway  
  28  3:08  Probe  
  29  3:19  Sentry (Chrono Boost)  
  29  3:20  Probe  
  31  3:32  Probe  
  32  3:34  Gateway  
  32  3:39  Robotics Facility  
  32  3:44  Probe  
  33  3:56  Probe  
Show
View Real Time Build Order
Export as new Build Order

Gilrak Zerg - Winner!

Build Orders: Pool Only, Roach Nydus 

Get SALT Encoding   

  12  0:01  Drone  
  13  0:08  Drone  
  13  0:12  Extractor  
  13  0:16  Drone  
  14  0:33  Spawning Pool  
  13  0:37  Drone  
  14  0:43  Extractor  
  14  0:45  Drone  
  15  0:54  Overlord  
  15  1:13  Drone  
  16  1:20  Zergling x2  
  16  1:21  Queen  
  19  1:27  Metabolic Boost  
  19  1:43  Zergling x2  
  19  1:44  Zergling x2  
  21  1:56  Overlord  
  21  1:59  Lair  
  21  2:07  Zergling x2  
  22  2:14  Zergling x2  
  23  2:16  Zergling x2  
  24  2:31  Zergling x6  
  24  2:32  Zergling x2  
  28  2:41  Overlord  
  28  2:57  Queen  
  30  3:02  Zergling x2, Nydus Network  
  30  3:07  Zergling x2  
  30  3:12  Zergling x2  
  32  3:13  Zergling x2  
  32  3:18  Zergling x2  
  34  3:25  Zergling x2  
  35  3:34  Overlord  
  35  3:35  Zergling x2  
  36  3:42  Nydus Canal  
  36  3:50  Zergling x4  
  38  4:10  Nydus Canal  
Tags
 
Matchup
PvZ
Opening
Pool Only
Spawn Locations
Cross Positions
Strategy
Roach Nydus
Add a new tag
Caveats
  • Supply blocks, unpowered buildings, or Contaminate may cause inaccurate times.
  • Supply counts are checked every 10 seconds.